 Dungeon Crawl Stone Soup version 0.22.0-60-ga52c2fc (console) character file.

80 bli the Skirmisher (level 4, 0/37 HPs)
             Began as a Formicid Abyssal Knight on Sept 9, 2018.
             Was a Believer of Lugonu.
             Succumbed to an adder's poison
             ... on level 3 of the Dungeon.
             The game lasted 00:05:06 (1557 turns).

bli the Skirmisher (Formicid Abyssal Knight)        Turns: 1557, Time: 00:05:07

Health: 0/37       AC:  6    Str: 22    XL:     4   Next: 65%
Magic:  5/5        EV: 12    Int: 11    God:    Lugonu [**....]
Gold:   82         SH:  0    Dex: 11    Spells: 3/3 levels left

rFire    . . .     SeeInvis +   a - +1 hand axe
rCold    . . .     Gourm    .   (no shield)
rNeg     . . .     Faith    .   b - +0 leather armour
rPois    .         Spirit   .   (helmet unavailable)
rElec    .         Reflect  .   (no cloak)
rCorr    .         Harm     .   (no gloves)
MR       .....                  (no boots)
Stlth    +.........             (no amulet)
HPRegen  0.12/turn              n - +3 ring of protection
MPRegen  0.09/turn              (no ring)

@: mighty, lethally poisoned (0 -> -2)
A: permanent stasis, dig shafts and tunnels, four strong arms, antennae 3
a: Dig, Shaft Self, Depart the Abyss, Bend Space, Renounce Religion


You were on level 3 of the Dungeon.
You worshipped Lugonu.
Lugonu was pleased with you.
You were not hungry.

You visited 1 branch of the dungeon, and saw 3 of its levels.
You visited the Abyss 1 time.

You collected 82 gold pieces.

Inventory:

Hand Weapons
 a - a +1 hand axe (weapon)
Armour
 b - a +0 leather armour (worn)
Jewellery
 n - a +3 ring of protection (left hand)
Scrolls
 d - a scroll of enchant weapon {unknown}
 h - a scroll of noise {unknown}
 i - a scroll of fog {unknown}
 k - 5 scrolls of remove curse {unknown}
 l - 2 scrolls of identify {unknown}
 o - a scroll of random uselessness {unknown}
 p - a scroll of teleportation {unknown}
 r - a scroll of enchant armour {unknown}
Potions
 e - a potion of ambrosia {unknown}
 f - 2 potions of might
 g - 3 potions of flight {unknown}
 j - a potion of degeneration {unknown}
 m - 2 potions of curing {unknown}
 q - a potion of heal wounds {unknown}
 t - a potion of agility {unknown}
Comestibles
 c - 3 rations
 s - a chunk of flesh


   Skills:
 + Level 4.1 Fighting
 + Level 2.5 Axes
 + Level 3.1 Armour
 * Level 1.7 Dodging
 + Level 2.3 Invocations


You had 3 spell levels left.
You didn't know any spells.
Your spell library was empty.

Dungeon Overview and Level Annotations

Branches:
Dungeon (3/15)

Altars:
Wu Jian


Innate Abilities, Weirdness & Mutations

You cannot be hasted, slowed, berserked, paralysed or teleported.
You can dig through walls and to a lower floor.
Your four strong arms can wield two-handed weapons with a shield.
You have a pair of large antennae on your head. (SInv)


Message History

* * * LOW HITPOINT WARNING * * *
You completely miss the kobold. You hit the orc. You closely miss the orc.
The orc hits you with a mace of protection.
* * * LOW HITPOINT WARNING * * *
The orc closely misses you. The kobold hits you with a whip.
* * * LOW HITPOINT WARNING * * *
You hit the kobold.
You kill the kobold!
Lugonu accepts your kill.
You hit the orc but do no damage. You hit the orc.
You kill the orc!
Lugonu accepts your kill.
The orc hits you with a mace of protection.
* * * LOW HITPOINT WARNING * * *
You hit the orc but do no damage.
The orc is lightly wounded.
The orc barely misses you.
It was a potion of might.
You feel very mighty all of a sudden.
You die...

########
#...(..#
#....(.# #
#....(.#..#
#.#...†).#..# #
##.....)@.+..#.#
.......o..#..#.
.....##>........
..... #.#.#..#..
.... #.#.#..# .#
...
#.#.#.†#...##
...
#...÷<....... {{
###.#......#. {
#.#......#
#.##....... #.#
..#..##


You could see an orc.

Vanquished Creatures
  5 adders
  2 leopard geckos
  3 orcs (D:3)
  4 giant cockroaches
  A goblin (D:3)
  A hobgoblin (D:3)
  4 jackals (D:2)
  5 bats (D:2)
  3 frilled lizards
  2 kobolds
  A leopard gecko skeleton (D:2)
  2 rats (D:1)
33 creatures vanquished.

Notes
Turn   | Place    | Note
-------+----------+-------------------------------------------
     0 | Abyss:1  | bli the Formicid Abyssal Knight began the quest for the
                  | Orb.
     0 | Abyss:1  | Reached XP level 1. HP: 18/18 MP: 2/2
     1 | Abyss:1  | Found a corrupted altar of Lugonu.
    69 | Abyss:1  | Noticed a large abomination
    78 | D:1      | Escaped the Abyss
   300 | D:1      | Reached skill level 1 in Dodging
   305 | D:1      | Reached XP level 2. HP: 23/24 MP: 3/3
   775 | D:2      | Reached XP level 3. HP: 30/30 MP: 4/4
   791 | D:2      | Found an ornate altar of the Wu Jian Council.
   808 | D:2      | Reached skill level 4 in Fighting
   813 | D:2      | Reached ** piety under Lugonu
  1080 | D:2      | Reached XP level 4. HP: 15/37 MP: 5/5
  1555 | D:3      | HP: 1/37 [orc/mace of protection (4)]
  1557 | D:3      | Succumbed to an adder's poison

Skill      XL: |  1  2  3  4 |
---------------+-------------+-----
Dodging        | 1 |  1.7
Fighting       | 4 |  4.1
Armour         | 3 |  3.1
Axes           | |  2.5
Invocations    | |  2.3

Action                   |  1- 3 |  4- 6 || total
-------------------------+-------+-------++-------
Melee: Hand axe          |    76 |    35 ||   111
  Use: Potion            |       |     1 ||     1
  Eat: Chunk             |       |     2 ||     2
Armor: Leather armour    |    31 |    23 ||    54
Dodge: Dodged            |    81 |    36 ||   117
